 Dungeon Crawl Stone Soup version 0.21.1-1-g345015f (webtiles) character file.

18 krfreak the Grave Robber (level 2, -1/19 HPs)
             Began as a Mummy Necromancer on Apr 21, 2018.
             Slain by a worker ant (5 damage)
             ... on level 2 of the Dungeon.
             The game lasted 00:03:52 (1217 turns).

krfreak the Grave Robber (Mummy Necromancer)        Turns: 1217, Time: 00:03:53

Health: -1/19      AC:  2    Str: 11    XL:     2   Next: 48%
Magic:  2/6        EV: 12    Int: 14    God:
Gold:   75         SH:  0    Dex: 12    Spells: 5/7 levels left

rFire    x . .     SeeInvis .   c - +0 mace
rCold    + . .     Gourm    .   (no shield)
rNeg     + + +     Faith    .   a - +0 robe
rPois    ∞         Spirit   .   (no helmet)
rElec    .         Reflect  .   (no cloak)
rCorr    .         Harm     .   (no gloves)
MR       .....                  (no boots)
Stlth    ++........             (no amulet)
HPRegen  0.06/turn              (no ring)
MPRegen  0.10/turn              (no ring)

@: no status effects
A: no food or potions, fire vulnerability, cold resistance 1, negative energy
resistance 3, torment resistance, unbreathing
a: no special abilities


You were on level 2 of the Dungeon.
You were not hungry.

You visited 1 branch of the dungeon, and saw 2 of its levels.

You collected 75 gold pieces.

Inventory:

Hand Weapons
 c - a +0 mace (weapon)
Missiles
 e - 2 needles of paralysis
 j - 32 stones (quivered)
Armour
 a - a +0 robe (worn)
Jewellery
 k - an uncursed ring of poison resistance {unknown}
Scrolls
 d - a scroll of teleportation {unknown}
 f - a scroll of blinking {unknown}
 g - a scroll of fog {unknown}
 h - a scroll of magic mapping {unknown}
 i - a scroll of identify {unknown}
Books
 b - a book of Necromancy

   Spells                             Type                      Level
   a - Pain                           Necromancy                   1
   b - Animate Skeleton               Necromancy                   1
   c - Vampiric Draining              Necromancy                   3
   d - Regeneration                   Charms/Necromancy            3
   e - Animate Dead                   Necromancy                   4
   f - Borgnjor's Vile Clutch         Necromancy/Earth             5


   Skills:
 - Level 1.5 Dodging
 - Level 1.5 Stealth
 + Level 3.1 Spellcasting
 * Level 4.5 Necromancy


You had 5 spell levels left.
You knew the following spells:

 Your Spells              Type           Power        Failure   Level  Hunger
a - Pain                  Necr           ##..         3%          1    N/A
b - Animate Skeleton      Necr           N/A          3%          1    N/A

Dungeon Overview and Level Annotations

Branches:
Dungeon (2/15)

Altars:


Innate Abilities, Weirdness & Mutations

You do not eat or drink.
Your flesh is vulnerable to fire.
You are immune to poison.
Your flesh is cold resistant. (rC+)
You are immune to negative energy. (rN+++)
You are immune to unholy pain and torment.
You can survive without breathing.


Message History

The worker ant barely misses you. The worker ant bites you.
Casting: Pain
Aiming: Pain
Aim: a worker ant (chance to defeat MR: 79%)
The worker ant writhes in agony!
The worker ant bites you!
Casting: Pain
Aiming: Pain
Aim: a worker ant (moderately wounded, chance to defeat MR: 79%)
The worker ant writhes in agony!
The worker ant bites you.
Casting: Pain
Aiming: Pain
Aim: a worker ant (heavily wounded, chance to defeat MR: 79%)
The worker ant writhes in agony!
The worker ant bites you.
* * * LOW HITPOINT WARNING * * *
Casting: Pain
Aiming: Pain
Aim: a worker ant (severely wounded, chance to defeat MR: 79%)
The worker ant writhes in agony!
The worker ant bites you.
You die...

##...#####
#.........
#....##### ##... ..
#.#.## .... #.#
#.#.# #... #.# #.#
#.#.# ##... #.# #.#
#.#.# .....##.# #.#
#.#.# #...##.# #.#
#@#.# #...##.# #.#
#a#.# ##......# #.#
#.#.#
....###.####.###.#.#
.#..# #....>#......#
..K)# ###.##.#######
....# #.#### ...##
#.# .#.# #.#


You could see a worker ant.

Vanquished Creatures
  2 dart slugs (D:1)
  A leopard gecko (D:1)
  3 hobgoblins (D:1)
  4 bats
  2 frilled lizards
  2 kobolds (D:1)
  A rat (D:2)
15 creatures vanquished.

Notes
Turn   | Place    | Note
-------+----------+-------------------------------------------
     0 | D:1      | krfreak the Mummy Necromancer began the quest for the Orb.
     0 | D:1      | Reached XP level 1. HP: 13/13 MP: 4/4
   480 | D:1      | Reached XP level 2. HP: 19/19 MP: 3/6
   924 | D:2      | Learned a level 1 spell: Animate Skeleton
  1217 | D:2      | Slain by a worker ant

Skill      XL: |  1 |
---------------+----+-----
Spellcasting   | 3 |  3.1
Dodging        | |  1.5
Stealth        | |  1.5
Necromancy     | |  4.5

Action                   || total
-------------------------++-------
Melee: Mace              ||     1
 Cast: Pain              ||    29
Armor: Robe              ||     1
Dodge: Dodged            ||     5
